 Dungeon Crawl Stone Soup version 0.20.1-1-g8b1a95d (webtiles) character file.

50 gobwax the Chopper (level 3, 0/31 HPs)
             Began as a Hill Orc Fighter on July 18, 2017.
             Slain by a worm (9 damage)
             ... on level 2 of the Dungeon.
             The game lasted 00:03:10 (1117 turns).

gobwax the Chopper (Hill Orc Fighter)               Turns: 1117, Time: 00:03:11

Health: 0/31       AC:  8    Str: 25    XL:     3   Next: 79%
Magic:  3/3        EV: 11    Int:  8    God:
Gold:   90         SH:  0    Dex: 10    Spells: 2/2 levels left

rFire    . . .     SeeInvis .   a - +0 war axe
rCold    . . .     Gourm    .   (no shield)
rNeg     . . .     Faith    .   b - +0 scale mail
rPois    .         Spirit   .   s - +0 helmet
rElec    .         Reflect  .   (no cloak)
rCorr    .         Harm     .   (no gloves)
MR       .....                  (no boots)
Stlth    ..........             (no amulet)
Regen    0.1/turn               k - +2 ring of evasion
MPRegen  0.1/turn               m - +6 ring of strength

@: no status effects
A: no striking features
a: no special abilities


You were on level 2 of the Dungeon.
You were hungry.

You visited 1 branch of the dungeon, and saw 2 of its levels.

You collected 90 gold pieces.

Inventory:

Hand Weapons
 a - a +0 war axe (weapon)
Armour
 b - a +0 scale mail (worn)
 c - a +0 shield
 s - a +0 helmet (worn)
Jewellery
 e - an uncursed ring of positive energy
 k - a +2 ring of evasion (left hand)
 m - a +6 ring of strength (right hand)
 q - a cursed -2 ring of protection {unknown}
Scrolls
 l - 2 scrolls of identify {unknown}
 n - a scroll of fear {unknown}
 o - a scroll of remove curse {unknown}
 p - a scroll of teleportation {unknown}
Potions
 d - a potion of might
 g - 3 potions of curing {unknown}
 h - a potion of heal wounds {unknown}
 i - a potion of flight {unknown}
 j - 2 potions of brilliance {unknown}
 r - a potion of mutation {unknown}
Comestibles
 f - 2 bread rations


   Skills:
 - Level 3.6 Fighting
 * Level 5.3 Axes
 - Level 3.2 Armour
 - Level 3.2 Shields


You had 2 spell levels left.
You didn't know any spells.

Dungeon Overview and Level Annotations

Branches:
Dungeon (2/15)

Altars:
Trog


Message History

You are too injured to fight recklessly!
You are too injured to fight recklessly!
You are too injured to fight recklessly!
You are too injured to fight recklessly!
You are too injured to fight recklessly!
You are too injured to fight recklessly!
You are too injured to fight recklessly!
You are too injured to fight recklessly!
You are too injured to fight recklessly!
You see here a frilled lizard corpse.
You hit the worm.
The worm is heavily wounded.
The worm misses you.
You slash the worm!
The worm is severely wounded.
The worm is no longer berserk.
The worm barely misses you.
You hit the worm.
The worm is almost dead.
The worm bites you!
You die...

####.#.....##.......## #..##(#
..##.#.....#####.#########.##.#
# #.##.##...##
##.##........##.# # #....##.###
##..#######......# # #..####.#
#.............#### # #..#
#.######.#.#######...## # #..#
#........#w# #.....# ...#
##########w# #.....# ##.#
###@### #.....# #.# #.....#
##...## #.# #.###.######.## #.#
#.# #.........# #.#
#(###.######..# #.# #.....#
#..# #.# ####### #<.# #.#
#######..###### #.#
#..............


You could see 2 worms.

Vanquished Creatures
  An adder (D:2)
  A leopard gecko (D:1)
  4 bats
  2 giant cockroaches (D:2)
  5 goblins
  5 hobgoblins
  4 jackals (D:2)
  3 kobolds (D:2)
  6 frilled lizards
  7 rats
38 creatures vanquished.

Notes
Turn   | Place    | Note
-------+----------+-------------------------------------------
     0 | D:1      | gobwax the Hill Orc Fighter began the quest for the Orb.
     0 | D:1      | Reached XP level 1. HP: 19/19 MP: 1/1
    71 | D:1      | Reached skill level 3 in Axes
   126 | D:1      | Reached XP level 2. HP: 25/26 MP: 2/2
   216 | D:1      | Reached skill level 4 in Axes
   585 | D:2      | Reached XP level 3. HP: 31/31 MP: 3/3
   764 | D:2      | Reached skill level 5 in Axes
  1088 | D:2      | Noticed a moth of wrath
  1091 | D:2      | Found a bloodstained altar of Trog.
  1117 | D:2      | Slain by a worm

Skill      XL: |  1  2  3 |
---------------+----------+-----
Axes           | 3 4 5 |  5.3
Fighting       | |  3.6
Armour         | |  3.2
Shields        | |  3.2

Action                   || total
-------------------------++-------
Melee: War axe           ||   109
Armor: Scale mail        ||    63
Dodge: Dodged            ||    99
Block: Shield            ||     3
